 Dungeon Crawl Stone Soup version 0.26-a0-812-g31a745ddcd (webtiles) character file.

Game seed: 7024105579114039263

14 kae the Insei (level 2, -5/16 HPs)
             Began as a Tengu Transmuter on Nov 23, 2020.
             Killed from afar by a dart slug (7 damage)
             ... with a slug dart
             ... on level 1 of the Dungeon.
             The game lasted 00:00:11 (186 turns).

kae the Insei (Tengu Transmuter)                     Turns: 186, Time: 00:00:12

Health: -5/16      AC:  2    Str: 10    XL:     2   Next: 45%
Magic:  5/6        EV: 13    Int: 13    God:
Gold:   0          SH:  0    Dex: 14    Spells: 4/5 levels left

rFire    . . .     SeeInvis .     - Unarmed
rCold    . . .     Faith    .   (no shield)
rNeg     . . .     Spirit   .   a - +0 robe
rPois    .         Reflect  .   (helmet currently unavailable)
rElec    .         Harm     .   (no cloak)
rCorr    .         Rampage  .   (no gloves)
MR       .....                  (boots unavailable)
Stlth    +.........             (no amulet)
HPRegen  0.05/turn              (no ring)
MPRegen  0.10/turn              (no ring)

@: appendages
A: beak, horns 2, talons 3
a: End Transformation


You were on level 1 of the Dungeon.
You had grown temporary horns.
You visited 1 branch of the dungeon, and saw 1 of its levels.

Inventory:

Armour
 a - a +0 robe (worn)
Jewellery
 c - an uncursed ring of protection from cold {unknown}
Scrolls
 b - a scroll of fog {unknown}
 d - a scroll of amnesia {unknown}


   Skills:
 + Level 1.1 Fighting
 + Level 0.3 Armour
 + Level 2.3 Dodging
 * Level 3.5 Unarmed Combat
 + Level 2.1 Spellcasting
 * Level 1.8 Transmutations


You had 4 spell levels left.
You knew the following spells:

 Your Spells              Type           Power        Failure   Level
a - Beastly Appendage     Tmut           #.....       12%         1

Your spell library contained the following spells:

 Spells                   Type           Power        Failure   Level
 Wereblood                Tmut           #.......     17%         2
 Spider Form              Tmut/Pois      #.........   45%         3
 Ice Form                 Ice/Tmut       #.......     86%         4
 Blade Hands              Tmut           #.........   97%         5


Dungeon Overview and Level Annotations

Branches:
Dungeon (1/15)

Altars:


Innate Abilities, Weirdness & Mutations

You have a beak for a mouth.
You have claws for feet.
You have a pair of horns on your head.


Message History

A dart slug comes into view.
The kobold completely misses you.
You hit the kobold. You claw the kobold.
You kill the kobold!
You hit the kobold.
You kill the kobold!
Your horns disappear.
Casting: Beastly Appendage (safe; 12% risk of failure)
Confirm with . or Enter, or press ? or * to list all spells.
You grow a pair of large bovine horns.
The ball python bites you but does no damage.
The ball python completely misses you. The ball python bites you.
* * * LOW HITPOINT WARNING * * *
The ball python closely misses you.
You hit the ball python.
You kill the ball python!
The dart slug launches a dart at you. The slug dart hits you!
You die...

...............# .
.......).......#..
.................#
............#....#....#
.!###..##.............
#....#...######....
...#.......# #...
........#.#w#####..# .#
.......##.#.@..##..###
..# ##..#..
..####..#....##..## # #.
#.## ##...........# ##
##### ###.........#
###.#.. #####........#
##.....###.###........#
##........#..##........#
#.............#........#
......≈≈≈.......†......#


You could see a dart slug.

Vanquished Creatures
  A dart slug (D:1)
  A leopard gecko (D:1)
  A ball python (D:1)
  A giant cockroach (D:1)
  2 goblins (D:1)
  2 kobolds (D:1)
  2 bats (D:1)
  A rat (D:1)
11 creatures vanquished.

Notes
Turn   | Place    | Note
-------+----------+-------------------------------------------
     0 | D:1      | kae the Tengu Transmuter began the quest for the Orb.
     0 | D:1      | Reached XP level 1. HP: 12/12 MP: 4/4
   162 | D:1      | Reached XP level 2. HP: 15/16 MP: 6/6
   186 | D:1      | Killed from afar by a dart slug

Illustrated notes

Levels and vault maps discovered:
D:1:      enne_arrival_octagon_isle, layout_rooms

Action                   || total
-------------------------++-------
Melee: Unarmed           ||    25
       Headbutt          ||     3
       Kick              ||     2
 Cast: Beastly Appendage ||     4
Armor: Robe              ||     7
Dodge: Dodged            ||    25

Table legend: (Time is in decaauts)
 A = Elapsed time spent in this place.
 B = Non-inter-level travel time spent in this place.
 C = Inter-level travel time spent in this place.
 D = Time resting spent in this place.
 E = Time spent auto-exploring this place.
 F = Levels seen in this place.
 G = Mean time per level.
                   A        B        C        D        E       F      G
               +--------+--------+--------+--------+--------+-----+--------+
         Total |    184 |    184 |      0 |      0 |    129 |   1 |  184.0 |
       Dungeon |    184 |    184 |      0 |      0 |    129 |   1 |  184.0 |
               +--------+--------+--------+--------+--------+-----+--------+

Top non-repeatable levels by time:
     D:1: 184 daAuts
